 Dungeon Crawl Stone Soup version 0.31-a0-1093-gadecf4124d (webtiles) character file.

Game seed: 3950525173684622016

215923 Gargoyl the Severer (level 19, -15/134 HPs)
             Began as a Gargoyle Berserker on Nov 28, 2023.
             Was a Priest of Trog.
             Demolished by a vault warden
             ... wielding a +3 battleaxe of electrocution
              (41 damage)
             ... on level 4 of the Vaults on Nov 29, 2023.
             The game lasted 01:00:07 (31091 turns).

Gargoyl the Severer (Gargoyle Berserker)           Turns: 31091, Time: 01:00:08

Health: -15/134    AC: 54    Str: 27    XL:     19   Next: 43%
Magic:  19/19      EV: 16    Int:  4    God:    Trog [***...]
Gold:   2613       SH: 14    Dex: 19    Spells: 18/18 levels left

rFire   + + +        h - +5 hand axe of the Bright God {venom, rF++ rN+ Str+4 Int-3}
rCold   + + .        J - +1 buckler
rNeg    + + .        u - +7 plate armour of the Watchman {rElec rF+ rC+ rCorr Str-3}
rPois   ∞            v - +2 helmet {SInv}
rElec   +            n - +2 cloak
rCorr   +            i - +2 pair of gloves
SInv    +            w - +3 pair of mountain boots {steadfast, rC+}
Will    +++..        C - amulet of reflection Stlth
                     D - ring of Fiatwu Yzel {rElec Dex+6 SInv}
HPRegen 1.42/turn    j - +5 ring of evasion
MPRegen 0.16/turn

%: reflection
@: about to teleport, marked, strong-willed (expiring), on berserk cooldown,
flying, regenerating (expiring), slowed, very slow
A: sickness immunity, AC +14, big wings, negative energy resistance 1,
electricity resistance, torment resistance 1, petrification resistance, claws 1,
fire resistance 1
a: Renounce Religion, Berserk, Trog's Hand


You were on level 4 of the Vaults.
You worshipped Trog.
Trog was most pleased with you.
You visited 4 branches of the dungeon, and saw 26 of its levels.
You also visited: Gauntlet, Ice Cave and Desolation.

You collected 4337 gold pieces.
You spent 1724 gold pieces at shops.

Inventory:

Hand Weapons
 h - the +5 hand axe of the Bright God (weapon) {venom, rF++ rN+ Str+4 Int-3}
   (You bought it in a shop on level 2 of the Orcish Mines)

   Str+4:     It affects your strength (+4).
   Int-3:     It affects your intelligence (-3).
   rF++:      It greatly protects you from fire.
   rN+:       It protects you from negative energy.
 y - a +1 war axe of flaming
 X - a +2 broad axe
 Z - a +2 war axe of electrocution
Missiles
 m - 6 curare-tipped darts (quivered)
 t - 79 poisoned darts
Armour
 i - a +2 pair of gloves (worn)
 n - a +2 cloak (worn)
 u - the +7 plate armour of the Watchman (worn) {rElec rF+ rC+ rCorr Str-3}
   (You acquired it on level 7 of the Dungeon)

   Str-3:     It affects your strength (-3).
   rF+:       It protects you from fire.
   rC+:       It protects you from cold.
   rElec:     It insulates you from electricity.
   rCorr:     It protects you from acid and corrosion.
 v - a +2 helmet of see invisible (worn)
 w - the +3 pair of mountain boots (worn) {steadfast, rC+}
   (You bought it in a shop on level 8 of the Dungeon)

   Steadfast: It prevents involuntary movement, except for blinking,
   teleportation, or banishment.
   rC+:       It protects you from cold.
 J - a +1 buckler (worn)
Jewellery
 a - an amulet of regeneration
 e - an amulet of the acrobat
 j - a +5 ring of evasion (right hand)
 C - an amulet of reflection (around neck)
 D - the ring of Fiatwu Yzel (left hand) {rElec Dex+6 SInv}
   (You found it in a Gauntlet)

   [ring of dexterity]

   Dex+6:     It affects your dexterity (+6).
   rElec:     It insulates you from electricity.
   SInv:      It lets you see invisible.
Wands
 d - a wand of iceblast (3)
 g - a wand of polymorph (5)
 x - a wand of paralysis (5)
 z - a wand of quicksilver (5)
 I - a wand of mindburst (23)
 M - a wand of flame (17)
Scrolls
 c - 5 scrolls of silence
 k - 4 scrolls of poison
 o - 4 scrolls of revelation
 s - a scroll of teleportation
 L - 11 scrolls of identify
 V - a scroll of immolation
 Y - a scroll of fog
Potions
 b - 10 potions of might
 l - 2 potions of berserk rage
 q - 2 potions of heal wounds
 A - 7 potions of curing
 B - a potion of enlightenment
 E - a potion of cancellation
 G - 7 potions of haste
 N - a potion of magic
 P - 2 potions of resistance
 S - 5 potions of mutation
 W - 3 potions of invisibility


   Skills:
 + Level 19.7 Fighting
 + Level 19.8 Axes
 + Level 1.4(13.1) Polearms
 + Level 0.2 Throwing
 + Level 15.9 Armour
 + Level 5.0 Dodging
 + Level 4.5 Stealth
 + Level 14.8 Shields
 - Level 0.8 Evocations


You had 18 spell levels left.
You didn't know any spells.
Your spell library was empty.

Dungeon Overview and Level Annotations

Branches:
Dungeon (15/15)            Temple (0/1) D:7            Lair (5/5) D:10
  Swamp (0/4) Lair:3        Snake (0/4) Lair:3        Slime (0/5) Lair:5
    Orc (2/2) D:9             Elf (0/3) Orc:2        Vaults (4/5) D:14
  Crypt (0/3) Vaults:3     Depths (0/4) D:15          IceCv (visited)
Desolation (visited)      Gauntlet (visited)

Altars:
Ashenzari
Fedhas
Hepliaklqana
Kikubaaqudgha
Nemelex Xobeh
Okawaru
Qazlal
Ru
Sif Muna
Uskayaw
Xom
The Shining One

Shops:
D:8 [   D:11 !   D:12 [   D:14 *   Orc:1 :   Orc:2 !([[   Vaults:3 :

Annotations:
D:3 3 runed translucent doors, Tomate's ghost, amateur SpVM
D:8 Gastronok
D:9 exclusion: 2 oklob saplings


Innate Abilities, Weirdness & Mutations

You are immune to sickness and miasma.
Your stone body is resilient. (AC +14)
You are immune to poison.
Your large and strong wings let you fly.
You resist negative energy. (rN+)
You are resistant to electric shocks. (rElec)
You are resistant to unholy torment.
You are immune to petrification.
You have sharp fingernails.
Your flesh is heat resistant. (rF+)


Message History

The vault warden hits you with a +3 long sword.
* * * LOW HITPOINT WARNING * * *
The vault sentinel blows a loud note on a signal horn!
The vault warden hits you but does no damage.
The ironbound preserver closely misses you.
The ironbound frostheart calls freezing cold from the walls.
The frost grips you but does no damage.
You are encased in ice.
You block the vault sentinel's attack.
As you read the scroll of teleportation, it crumbles to dust.
You feel strangely unstable.
You kill the vault sentinel!
Trog accepts your kill.
Trog appreciates your killing of a magic user.
The ironbound preserver mumbles some strange words.
The ironbound preserver is healed somewhat.
The vault warden hits you but does no damage.
You block the vault warden's attack.
You closely miss the vault warden.
The vault warden is heavily wounded.
You barely miss the vault warden. You hit the ironbound preserver.
The ironbound preserver looks as sick as possible!
You feel the effects of Trog's Hand fading.
The ice encasing you melts away.
The vault warden hits you with a +3 long sword!
* * * LOW HITPOINT WARNING * * *
The ironbound preserver hits you but does no damage.
You block the vault warden's attack.
You slash the vault warden!
The vault warden looks as sick as possible!
The vault warden is severely wounded.
You hit the ironbound preserver.
The ironbound preserver looks as sick as possible!
You hit the vault warden.
The vault warden looks as sick as possible!
The vault warden hits you with a +3 long sword.
* * * LOW HITPOINT WARNING * * *
The ironbound preserver hits you but does no damage.
The vault warden hits you with a +3 battleaxe of electrocution!!!
You die...

#.....# ##....##
#. ##...##
##....## #. ####
##....## #.
##....# #.
#....## #.
##...## #. #...##
#.
#########+###..##
##
...Wcpp@)..+..##
.##.p##pp###.## #
#..# ### ####


You could see an ironbound preserver (extremely poisoned), 2 vault wardens, a
yaktaur captain, an ironbound frostheart, a vault sentinel (catching breath) and
a freezing wraith.

Vanquished Creatures
  2 sphinxes
  An ancient champion (Vaults:3)
  Roxanne (D:14)
  Louise (D:15)
  12 vault wardens
  2 imperial myrmidons (Desolation)
  2 orc warlords
  A very ugly thing (Vaults:4)
  7 ironbound preservers
  7 ironbound thunderhulks
  3 formless jellyfish
  A halazid warlock (Desolation)
  A dire elephant (Vaults:4)
  A minotaur (Gauntlet)
  4 crystal guardians
  An ettin (D:15)
  The ghost of Gopad the Fighter, a journeyman DrSh of Cheibriados (Orc:1)
  7 ragged hierophants (Desolation)
  2 ice dragons
  4 yaktaur captains
  5 servants of whispers (Desolation)
  8 vault guards
  4 great orbs of eyes
  3 hydras
  8 peacekeepers
  6 boulder beetles
  21 centaur warriors
  8 ironbound frosthearts
  21 death yaks
  An anaconda (Lair:5)
  6 two-headed ogres
  2 deep troll earth magi (Vaults:4)
  3 tengu warriors
  An orc high priest (Orc:2)
  Nergalle (Lair:2)
  3 skysharks
  14 skeletal warriors
  Lodul (D:13)
  A glowing orange brain (Vaults:3)
  9 deep trolls
  5 lindwurms
  4 necromancers
  8 arcanists
  2 orc knights (Orc:2)
  10 ironbound convokers
  5 orc sorcerers
  A deep elf pyromancer (D:12)
  7 manticores
  A shadow dragon skeleton (Vaults:4)
  A stone giant zombie (Vaults:1)
  11 elephants
  4 cyclopes
  21 ugly things
  A frost giant skeleton (Vaults:1)
  5 human skeletons (Vaults:3)
  13 vault sentinels
  8 torpor snails
  3 gargoyles
  6 black mambas
  2 guardian serpents (Desolation)
  2 ice statues (IceCv)
  A molten gargoyle (Desolation)
  10 cane toads
  3 kobold blastminers (Orc:2)
  3 human zombies
  A yaktaur zombie (Vaults:4)
  7 komodo dragons
  7 rime drakes
  2 freezing wraiths (D:14)
  Psyche (D:10)
  A kobold demonologist (D:9)
  3 efreet
  13 yaktaurs
  2 burning bushes (Lair:2)
  A yaktaur skeleton (Vaults:3)
  13 trolls
  3 tengu conjurers
  13 polar bears
  3 tyrant leeches (Lair:5)
  A shadow dragon simulacrum (Vaults:3)
  10 hornets
  42 saltlings (Desolation)
  4 blink frogs (Lair:2)
  A fire giant simulacrum (Vaults:4)
  2 raiju (Lair:5)
  6 dream sheep
  An ettin zombie (Vaults:4)
  Sigmund (D:4)
  7 water elementals (D:15)
  26 slime creatures
  3 wraiths
  4 wyverns
  A vampire (D:14)
  33 yaks
  2 basilisks
  2 elf skeletons (Vaults:3)
  4 humans (D:14)
  7 vampire mosquitoes
  14 wargs
  A naga (Lair:3)
  13 water moccasins
  4 acid dragons
  2 human simulacra
  16 hell hounds
  14 black bears
  3 ice beasts
  18 wolves
  45 orc warriors
  10 ogres
  3 boggarts (Vaults:1)
  6 centaurs
  2 phantoms
  6 kobold brigands
  10 bullfrogs
  3 gnoll sergeants
  5 scorpions
  7 wights (D:8)
  16 killer bees
  3 lindwurm simulacra (IceCv)
  12 electric eels
  13 howler monkeys
  4 hounds
  2 jellies
  18 orc priests
  9 komodo dragon simulacra (IceCv)
  3 gnoll boudas
  A sleepcap (D:7)
  3 iguanas
  25 orc wizards
  10 gnolls
  15 adders
  5 acid dragon simulacra (IceCv)
  3 white imps
  4 steam dragon simulacra (IceCv)
  The ghost of paps the Sneak, a weakling DsDe of Okawaru (D:4)
  4 dart slugs
  89 orcs
  12 ball pythons
  7 endoplasms
  4 giant cockroaches
  5 goblins
  6 hobgoblins
  8 jackals
  8 quokkas
  3 bats
  2 frilled lizards
  22 kobolds
  2 rats
1052 creatures vanquished.

Vanquished Creatures (collateral kills)
  A vault warden (Vaults:1)
  An ironbound preserver (Vaults:1)
  2 crystal guardians (Desolation)
  A ragged hierophant (Desolation)
  The ghost of jotaen the Spear-Bearer, a journeyman MiFi of Okawaru (D:12)
  2 great orbs of eyes
  2 vault guards (Vaults:4)
  A tengu warrior (D:12)
  A two-headed ogre (Orc:1)
  5 deep trolls
  2 ironbound convokers (Vaults:2)
  An arcanist (Vaults:2)
  An orc knight (D:12)
  3 ugly things
  3 vault sentinels
  A guardian serpent (Desolation)
  2 yaktaurs (Vaults:1)
  2 trolls
  4 saltlings (Desolation)
  An orc warrior (D:12)
  An ogre (Orc:1)
  A kobold brigand (D:9)
  2 wights (D:8)
41 creatures vanquished.

Vanquished Creatures (others)
  A vault sentinel (Vaults:3)
  2 saltlings (Desolation)
  A killer bee (D:11)
4 creatures vanquished.

Grand Total: 1097 creatures vanquished

Notes
Turn   | Place    | Note
-------+----------+-------------------------------------------
     0 | D:1      | Gargoyl the Gargoyle Berserker began the quest for the Orb.
     0 | D:1      | Reached XP level 1. HP: 14/14 MP: 1/1
   259 | D:1      | Reached XP level 2. HP: 17/19 MP: 2/2
  1111 | D:2      | Reached XP level 3. HP: 24/24 MP: 3/3
  1428 | D:2      | Reached XP level 4. HP: 29/29 MP: 4/4
  1438 | D:2      | Reached ** piety under Trog
  1844 | D:2      | Found a sparkling altar of Nemelex Xobeh.
  2284 | D:3      | Reached XP level 5. HP: 33/33 MP: 5/5
  2474 | D:3      | Identified the +1 leather armour of Safim {Will- Regen+
                  | Str+5 SInv}
  2535 | D:3      | Found a runed translucent gate.
  2537 | D:3      | Found a runed translucent gate.
  2538 | D:3      | Found a runed translucent gate.
  2539 | D:3      | Noticed Tomate's ghost (amateur SpVM)
  2539 | D:3      | Noticed a steam dragon
  2820 | D:3      | Gained mutation: You are occasionally teleported next to
                  | monsters. [potion of mutation]
  2820 | D:3      | Gained mutation: Your mind is acute. (Int +4, Str/Dex -1)
                  | [potion of mutation]
  2827 | D:3      | Reached XP level 6. HP: 32/38 MP: 6/6
  3060 | D:4      | Found a runed translucent door.
  3079 | D:4      | Noticed paps's ghost (weakling DsDe)
  3094 | D:4      | Killed paps's ghost
  3123 | D:4      | Reached skill level 5 in Axes
  3123 | D:4      | Reached skill level 1 in Stealth
  3166 | D:4      | Noticed Sigmund
  3175 | D:4      | Killed Sigmund
  3176 | D:4      | Reached XP level 7. HP: 44/44 MP: 7/7
  3252 | D:4      | Reached skill level 5 in Fighting
  3254 | D:4      | Lost mutation: You are occasionally teleported next to
                  | monsters. [potion of mutation]
  3254 | D:4      | Lost mutation: Your mind is acute. (Int +4, Str/Dex -1)
                  | [potion of mutation]
  3254 | D:4      | Gained mutation: Your muscles are strong. (Str +4, Int/Dex
                  | -1) [potion of mutation]
  3254 | D:4      | Gained mutation: You are clumsy. (Dex -2) [potion of
                  | mutation]
  3254 | D:4      | Lost mutation: Your muscles are strong. (Str +4, Int/Dex
                  | -1) [potion of mutation]
  3254 | D:4      | Gained mutation: You have hidden genetic potential. [potion
                  | of mutation]
  3263 | D:4      | Reached *** piety under Trog
  3599 | D:4      | Reached XP level 8. HP: 49/49 MP: 8/8
  3878 | D:5      | Entered Level 5 of the Dungeon
  4181 | D:5      | Noticed a wraith
  4189 | D:5      | Killed a wraith
  4485 | D:5      | Reached skill level 5 in Armour
  4650 | D:6      | Reached XP level 9. HP: 54/54 MP: 9/9
  5108 | D:6      | Gained mutation: Your flesh is cold resistant. (rC+)
                  | [hidden potential]
  5425 | D:7      | Lost mutation: You have hidden genetic potential. [potion
                  | of mutation]
  5425 | D:7      | Lost mutation: Your flesh is cold resistant. (rC+) [potion
                  | of mutation]
  5425 | D:7      | Lost mutation: You are clumsy. (Dex -2) [potion of
                  | mutation]
  5425 | D:7      | Gained mutation: You are clumsy. (Dex -2) [potion of
                  | mutation]
  5425 | D:7      | Gained mutation: You are weak. (Str -2) [potion of
                  | mutation]
  5426 | D:7      | Lost mutation: You are clumsy. (Dex -2) [potion of
                  | mutation]
  5426 | D:7      | Lost mutation: You are weak. (Str -2) [potion of mutation]
  5426 | D:7      | Gained mutation: You have large cloven feet. [potion of
                  | mutation]
  5426 | D:7      | Lost mutation: You have large cloven feet. [potion of
                  | mutation]
  5426 | D:7      | Gained mutation: You have a pair of small antennae on your
                  | head. [potion of mutation]
  5603 | D:7      | Found a staircase to the Ecumenical Temple.
  5653 | D:7      | Found a sparkling altar of Nemelex Xobeh.
  5779 | D:7      | Identified a scroll of acquirement
  5779 | D:7      | Acquired the +7 plate armour of the Watchman {rElec rF+ rC+
                  | rCorr Str-3}
  5810 | D:7      | Reached **** piety under Trog
  5811 | D:7      | Found a hide-covered altar of Uskayaw.
  5988 | D:8      | Found a shimmering blue altar of Sif Muna.
  6212 | D:8      | Noticed Gastronok
  6256 | D:8      | Reached skill level 10 in Axes
  6256 | D:8      | Reached XP level 10. HP: 57/61 MP: 10/10
  6280 | D:8      | Found Fuas's Armour Shoppe.
  6284 | D:8      | Bought the +3 pair of mountain boots {steadfast, rC+} for
                  | 402 gold pieces
  6284 | D:8      | Found the +3 pair of mountain boots {steadfast, rC+}
  6478 | D:8      | Found a sacrificial altar of Ru.
  6526 | D:8      | Found an ancient bone altar of Kikubaaqudgha.
  6580 | D:8      | Noticed a manticore
  6596 | D:8      | Killed a manticore
  6971 | D:9      | Noticed a two-headed ogre
  6979 | D:9      | Killed a two-headed ogre
  7016 | D:9      | Noticed a two-headed ogre
  7035 | D:9      | Killed a two-headed ogre
  7120 | D:9      | Noticed an orc sorcerer
  7122 | D:9      | Noticed a sun demon
  7134 | D:9      | Noticed a two-headed ogre
  7138 | D:9      | Noticed an orange demon
  7138 | D:9      | Killed an orc sorcerer
  7139 | D:9      | Reached XP level 11. HP: 68/68 MP: 11/11
  7153 | D:9      | Killed a two-headed ogre
  7859 | D:9      | Noticed a two-headed ogre
  7869 | D:9      | Killed a two-headed ogre
  7903 | D:9      | Found a staircase to the Orcish Mines.
  8081 | D:10     | Entered Level 10 of the Dungeon
  8091 | D:10     | Found a staircase to the Lair.
  8133 | D:10     | Noticed a two-headed ogre
  8139 | D:10     | Killed a two-headed ogre
  8165 | D:10     | Lost mutation: You have a pair of small antennae on your
                  | head. [potion of mutation]
  8165 | D:10     | Gained mutation: You are weak. (Str -2) [potion of
                  | mutation]
  8165 | D:10     | Gained mutation: You are frail. (-10% HP) [potion of
                  | mutation]
  8165 | D:10     | Gained mutation: You have sharp toenails. [potion of
                  | mutation]
  8166 | D:10     | Lost mutation: You are weak. (Str -2) [potion of mutation]
  8166 | D:10     | Lost mutation: You have sharp toenails. [potion of
                  | mutation]
  8166 | D:10     | Gained mutation: You have a pair of small horns on your
                  | head. [potion of mutation]
  8166 | D:10     | Gained mutation: You are somewhat resistant to further
                  | mutation. [potion of mutation]
  8205 | D:10     | Reached XP level 12. HP: 62/68 MP: 12/12
  8338 | D:10     | Found a blossoming altar of Fedhas.
  8497 | D:10     | Found a stormy altar of Qazlal.
  8497 | D:10     | Noticed Psyche
  8688 | D:10     | Killed Psyche
  8804 | D:10     | Found a hazy altar of Hepliaklqana.
  8804 | D:10     | Found a broken altar of Ashenzari.
  8948 | Lair:1   | Entered Level 1 of the Lair of Beasts
  9042 | Lair:1   | Reached skill level 10 in Fighting
  9811 | Lair:2   | Found a gate leading to a gauntlet.
  9822 | Gauntlet | Entered a Gauntlet
  9822 | Gauntlet | Noticed a death yak
  9822 | Gauntlet | Noticed a death yak
  9822 | Gauntlet | Noticed a death yak
  9822 | Gauntlet | Noticed a death yak
  9822 | Gauntlet | Found a transporter.
  9822 | Gauntlet | Found a transporter.
  9832 | Gauntlet | Found a transporter.
  9845 | Gauntlet | Killed a death yak
  9853 | Gauntlet | Killed a death yak
  9856 | Gauntlet | Killed a death yak
  9857 | Gauntlet | Reached skill level 10 in Armour
  9857 | Gauntlet | Killed a death yak
  9860 | Gauntlet | Found a transporter.
  9888 | Gauntlet | Noticed a death yak
  9891 | Gauntlet | Noticed a death yak
  9891 | Gauntlet | Noticed a death yak
  9896 | Gauntlet | Noticed a death yak
  9925 | Gauntlet | Killed a death yak
  9927 | Gauntlet | Killed a death yak
  9946 | Gauntlet | Killed a death yak
  9969 | Gauntlet | Killed a death yak
  9986 | Gauntlet | Found a transporter.
  9996 | Gauntlet | Identified the ring of Fiatwu Yzel {rElec Dex+6 SInv}
 10037 | Gauntlet | Found a transporter.
 10047 | Gauntlet | Identified the +7 lajatang "Hihozxa" {speed, rF+ Str-5
                  | Dex+3}
 10047 | Gauntlet | Noticed a minotaur
 10062 | Gauntlet | Killed a minotaur
 10063 | Gauntlet | Reached XP level 13. HP: 55/75 MP: 13/13
 10157 | Lair:2   | Reached skill level 15 in Axes
 10187 | Lair:2   | Noticed Nergalle
 10199 | Lair:2   | Killed Nergalle
 11054 | Lair:3   | Found a staircase to the Swamp.
 11201 | Lair:3   | Found a staircase to the Snake Pit.
 11332 | Lair:3   | Reached skill level 1 in Shields
 11883 | Lair:4   | Found a glowing golden altar of the Shining One.
 12037 | Lair:4   | Reached skill level 1 in Polearms
 12062 | Lair:4   | Gained mutation: Your large and strong wings let you fly.
                  | [Gargoyle growth]
 12062 | Lair:4   | Reached XP level 14. HP: 61/82 MP: 14/14
 12646 | Lair:5   | Entered Level 5 of the Lair of Beasts
 12646 | Lair:5   | Found a staircase to the Slime Pits.
 12802 | Lair:5   | Reached ***** piety under Trog
 13221 | Lair:5   | Received a gift from Trog
 13426 | Lair:5   | Reached skill level 5 in Shields
 13602 | Lair:5   | Found a runed translucent door.
 13643 | Lair:5   | Reached XP level 15. HP: 90/90 MP: 15/15
 14195 | D:11     | Lost mutation: You have a pair of small horns on your head.
                  | [potion of mutation]
 14195 | D:11     | Lost mutation: You are somewhat resistant to further
                  | mutation. [potion of mutation]
 14195 | D:11     | Lost mutation: You are frail. (-10% HP) [potion of
                  | mutation]
 14195 | D:11     | Gained mutation: You have an increased reservoir of magic.
                  | (+10% MP) [potion of mutation]
 14195 | D:11     | Gained mutation: You expend magic power (3 MP) to
                  | strengthen your wands. [potion of mutation]
 14195 | D:11     | Gained mutation: You are partially covered in iridescent
                  | scales. (AC +2) [potion of mutation]
 14511 | D:11     | Found Plog's Distillery.
 14517 | D:11     | Bought 2 potions of curing for 90 gold pieces
 14517 | D:11     | Bought a potion of resistance for 150 gold pieces
 14517 | D:11     | Bought a potion of mutation for 120 gold pieces
 14517 | D:11     | Bought a potion of heal wounds for 75 gold pieces
 14551 | D:11     | Received a gift from Trog
 14874 | D:12     | Found Xipiph's Armour Shop.
 14984 | D:12     | Found a frozen archway.
 15001 | IceCv    | Entered an ice cave
 15682 | D:12     | Reached skill level 15 in Fighting
 15831 | D:12     | Found a runed translucent gate.
 15836 | D:12     | Found a runed translucent gate.
 15836 | D:12     | Found a runed translucent gate.
 15842 | D:12     | Noticed jotaen's ghost (journeyman MiFi)
 15853 | D:12     | Found an iron altar of Okawaru.
 16201 | D:12     | Killed jotaen's ghost
 16217 | D:12     | Identified the +1 falchion "Nena" {holy, *Slow rElec Will++
                  | rCorr}
 16372 | D:13     | Received a gift from Trog
 16463 | D:13     | Noticed Lodul
 16476 | D:13     | Killed Lodul
 17134 | D:14     | Noticed Roxanne
 17184 | D:14     | Found a gate to the Vaults.
 17236 | D:14     | Reached XP level 16. HP: 110/110 MP: 17/17
 17370 | D:14     | Found Peipru's General Store.
 17663 | D:14     | Killed Roxanne
 17718 | D:14     | Identified the +6 dagger of Victory {flame, rCorr Str+3
                  | Int+2}
 17837 | D:15     | Entered Level 15 of the Dungeon
 17989 | D:15     | Found a staircase to the Depths.
 18388 | D:15     | Identified the -1 tower shield of Cock {Str+2 Dex+2}
 18388 | D:15     | Noticed Louise
 18401 | D:15     | Killed Louise
 18877 | D:15     | Found a sparkling altar of Nemelex Xobeh.
 18921 | D:15     | Identified the +1 robe "Yremm" {Str+8}
 19137 | Orc:1    | Entered Level 1 of the Orcish Mines
 19139 | Orc:1    | Lost mutation: You are partially covered in iridescent
                  | scales. (AC +2) [potion of mutation]
 19139 | Orc:1    | Lost mutation: You expend magic power (3 MP) to strengthen
                  | your wands. [potion of mutation]
 19139 | Orc:1    | Lost mutation: You have an increased reservoir of magic.
                  | (+10% MP) [potion of mutation]
 19139 | Orc:1    | Gained mutation: Your flesh is heat resistant. (rF+)
                  | [potion of mutation]
 19139 | Orc:1    | Gained mutation: You have sharp fingernails. [potion of
                  | mutation]
 19140 | Orc:1    | Upgraded the game from 0.31-a0-1084-gb392501acf to
                  | 0.31-a0-1093-gadecf4124d
 19171 | Orc:1    | Found a transporter.
 19174 | Orc:1    | Found a transporter.
 19174 | Orc:1    | Noticed Gopad's ghost (journeyman DrSh)
 19211 | Orc:1    | Received a gift from Trog
 19597 | Orc:1    | Killed Gopad's ghost
 19649 | Orc:2    | Entered Level 2 of the Orcish Mines
 19998 | Orc:1    | Found a shimmering altar of Xom.
 20023 | Orc:1    | Found Obbynem's Vocational Training.
 20493 | Orc:2    | Received a gift from Trog
 20782 | Orc:2    | Found a staircase to the Elven Halls.
 20928 | Orc:2    | Found Quagrut's Antique Weapon Shop.
 20928 | Orc:2    | Found Diupupt's Antique Armour Shoppe.
 20928 | Orc:2    | Found Mietraon's Antique Armour Emporium.
 20932 | Orc:2    | Found Teufej's Distillery.
 20936 | Orc:2    | Bought a smoking hand axe for 144 gold pieces
 20936 | Orc:2    | Identified the +5 hand axe of the Bright God {venom, rF++
                  | rN+ Str+4 Int-3} (You bought it in a shop on level 2 of the
                  | Orcish Mines)
 20937 | Orc:2    | Bought an embroidered cloak for 210 gold pieces
 20942 | Orc:2    | Bought a runed helmet for 247 gold pieces
 20947 | Orc:2    | Bought a potion of resistance for 110 gold pieces
 20947 | Orc:2    | Bought a potion of mutation for 88 gold pieces
 20947 | Orc:2    | Bought a potion of mutation for 88 gold pieces
 21324 | Vaults:1 | Entered Level 1 of the Vaults
 21778 | Vaults:1 | Reached skill level 10 in Shields
 21778 | Vaults:1 | Reached XP level 17. HP: 51/117 MP: 17/17
 22946 | Vaults:1 | Noticed a sphinx
 22961 | Vaults:1 | Killed a sphinx
 24733 | Vaults:3 | Found a crumbling gateway.
 24750 | Desolati | Entered the Desolation of Salt
 24779 | Desolati | Identified the staff of the Emperors {rElec rN+ Will- rCorr
                  | Str+4 Necro}
 25049 | Desolati | Identified the +0 robe of Monotheism {rC- rN+ rCorr}
 25345 | Desolati | Reached XP level 18. HP: 42/125 MP: 18/18
 25768 | Desolati | Reached skill level 15 in Armour
 26006 | Desolati | Identified the ring "Weis" {rN+ Will+ Int+2}
 26506 | Desolati | Identified the ring "Myxkiudi" {Fire Drain Slay+5}
 26516 | Desolati | Identified the +4 great sword of Laceration {freeze, rN+}
 26517 | Desolati | Identified the ring "Uroeny" {Will+ Str+3 Int+2}
 27495 | Vaults:3 | Found a shimmering blue altar of Sif Muna.
 27947 | Vaults:3 | Found a staircase to the Crypt.
 28540 | Vaults:3 | Identified the +9 glaive of Kiffaceutye {heavy, rC- Will++}
 28599 | Vaults:3 | Found Qykarghukk's Book Shop.
 28998 | Vaults:3 | Reached skill level 5 in Dodging
 29674 | Vaults:4 | Reached XP level 19. HP: 115/133 MP: 19/19
 31091 | Vaults:4 | Demolished by a vault warden

Illustrated notes

Levels and vault maps discovered:
D:1:      psy_arrival_dodecagon, layout_basic, minmay_close_crescents
D:2:      layout_loops_corners, basic_altar
D:3:      cheibrodos_old_hovel, layout_loops_ring, gammafunk_ghost_split
D:4:      layout_gridville, ebering_ghost_reflecting_pool, eino_tiny_chamber,
          uniq_sigmund
D:5:      layout_loops_cross
D:6:      layout_basic, nrook_uturn
D:7:      layout_rooms, eat_drink_and_be_merry_uskayaw,
          mainiacjoe_overflow_paths, minmay_temple_entry_hall
D:8:      layout_loops_ring, amcnicky_altar_gilded,
          mainiacjoe_overflow_concentric_impassable, kiku_gazebo_garden_becter,
          serial_shops, nicolae_shop_back_alley_shop, uniq_gastronok
D:9:      lemuel_castle_with_subvaults [lemuel_castle_interior_carwin_3],
          layout_irregular_city, orc_0_dummy, introduction_to_nature_2
D:10:     layout_cave_pools, fedhas_altar_fruit_tree, kennysheep_little_box,
          gammafunk_temple_overflow_wave, erik_lair_orcish_takeover,
          chequers_big_river, uniq_psyche
D:11:     layout_basic, serial_shops, nicolae_shop_gibbet_a_chance,
          kennysheep_generic_room_3
D:12:     layout_cave_pools, serial_shops, nicolae_shop_mannequins,
          gammafunk_ghost_fury_of_okawaru, serial_ice, serial_ice_j,
          serial_ice_a, serial_ice_n, serial_ice_g, portal_ice_cave_rime,
          serial_bayou_pond_d
D:13:     layout_basic, uniq_lodul
D:14:     layout_big_octagon, hellmonk_vaults_keyhole, serial_shops, shop,
          nicolae_fountain_basement, uniq_roxanne
D:15:     hangedman_depths_entry_civil_slaughter, layout_basic,
          skrybe_limestone_x, nemelex_spade_bored_becter, uniq_louise
Lair:1:   layout_regular_city
Lair:2:   layout_gridlike, gauntlet_entry_generic, evilmike_ambush
          [evilmike_ambush_outer_doors, evilmike_ambush_inner_pond],
          uniq_nergalle
Lair:3:   layout_gridlike, minmay_swamp_entry_eels, guppyfry_snake_entry_island
Lair:4:   layout_regular_city, basic_altar
Lair:5:   hangedman_lair_caniforms_friends, layout_gridlike, wormcave,
          slime_entry_1, minivault_26
Orc:1:    layout_caves, basic_altar, gammafunk_ghost_arena,
          nicolae_shop_vocational
Orc:2:    st_orc_rangers, layout_caves, minmay_orc_temple_b
Vaults:1: nicolae_vaults_big_angled_halls, hangedman_vaults_maws,
          grunt_vaults_diagonal, nicolae_vaults_border_crossing,
          grunt_vaults_funnel, vaults_mumra_lcd, nicolae_vaults_double_plus_1,
          vaults_room_pool, nicolae_vaults_surprise_closet,
          layout_vaults_omnigrid
Vaults:2: nicolae_vaults_tangram_1, v_misc_12, nicolae_vaults_bisected_slash,
          nicolae_vaults_network_star, hangedman_vaults_maws,
          nicolae_vaults_security_offices_3, grunt_vaults_hallway_short,
          nicolae_vaults_little_squares_4, nicolae_vaults_house_2,
          grunt_vaults_bifocal, nicolae_vaults_double_plus_2, layout_vaults_ring
Vaults:3: portal_desolation_entry_nicolae_slug, nicolae_vaults_more_shelving_1,
          nicolae_vaults_doubleplus_tesselated,
          nicolae_vaults_ring_of_whatevers, nicolae_vaults_trapezoid_layered,
          v_rooms_2, serial_library_hellmonk_narrow_alcove,
          nicolae_vaults_rhombus_6, v_misc_26, v_misc_2,
          minmay_crypt_entry_skeletal_spiral, nicolae_vaults_circle_grid_b,
          v_misc_17, v_misc_14, layout_vaults_omnibox, serial_shops, shop
Vaults:4: vaults_standard_mumra_enter_the_diamond,
          nicolae_vaults_oval_intersection, v_misc_30, v_misc_3,
          vaults_room_stairs_pillars, nicolae_vaults_tangram_1,
          vaults_mumra_chevron_long, nicolae_vaults_closet_pinwheel_4,
          nicolae_vaults_lightning_bolt, vaults_mumra_hex,
          vaults_room_door_ring, ontoclasm_vaults_gateway,
          dpeg_vaults_monster_row, layout_vaults_omnicross

Skill      XL: |  1  2  3  4  5  6  7  8  9 10 11 12 13 14 15 16 17 18 |
---------------+-------------------------------------------------------+-----
Axes           | 3 4 5 6 8 10 11 13 14 16 17 18 19 | 19.8
Dodging        | 2 3 4 5 |  5.0
Fighting       | 4 5 6 8 9 11 12 14 15 17 18 19 | 19.7
Armour         | 3 4 5 6 7 9 10 11 12 13 14 15 | 15.9
Stealth        | 1 2 3 4 |  4.5
Shields        | 2 5 7 10 12 14 | 14.8
Polearms       | 1 |  1.4
Throwing       | |  0.2
Evocations     | |  0.8

Action                     |  1- 3 |  4- 6 |  7- 9 | 10-12 | 13-15 | 16-18 | 19-21 || total
---------------------------+-------+-------+-------+-------+-------+-------+-------++-------
  Melee: Hand axe          |    12 |       |       |       |       |  1544 |   217 ||  1773
         War axe           |    83 |   182 |   266 |   535 |  1188 |   472 |       ||  2726
         Punch             |     1 |     2 |     3 |     5 |     2 |       |       ||    13
         Headbutt          |       |       |       |    57 |   238 |       |       ||   295
         Unarmed           |       |       |       |     4 |       |     3 |       ||     7
         Spear             |       |       |       |       |    25 |       |       ||    25
  Throw: Dart              |       |       |       |     1 |       |       |       ||     1
 Invoke: Berserk           |       |     3 |     6 |    14 |     9 |    25 |     3 ||    60
         Trog's Hand       |       |     1 |     3 |     8 |     6 |    23 |     3 ||    44
         Brothers in Arms  |       |       |     1 |     3 |     2 |     9 |     5 ||    20
    Use: Scroll            |       |     7 |     8 |     9 |    10 |     8 |     2 ||    44
         Potion            |       |     2 |     4 |     4 |     2 |     6 |     3 ||    21
   Stab: Invisible         |       |       |       |       |     3 |    13 |       ||    16
         Distracted        |       |       |       |       |       |     1 |       ||     1
 Armour: Animal skin       |    41 |       |       |       |       |       |       ||    41
         Ring mail         |    22 |   123 |    66 |       |       |       |       ||   211
         Chain mail        |       |       |   164 |       |       |       |       ||   164
         Plate armour      |       |       |   109 |   637 |  1189 |  1387 |   175 ||  3497
         Skin              |       |       |       |     3 |       |     5 |       ||     8
  Dodge: Dodged            |    69 |   132 |   188 |   233 |   781 |   922 |   115 ||  2440
  Block: Buckler           |       |       |       |       |   337 |  1123 |   127 ||  1587
         Reflection        |       |       |       |       |       |   138 |    15 ||   153
         Other             |       |       |       |       |       |     1 |       ||     1

Table legend: (Time is in decaauts)
 A = Elapsed time spent in this place.
 B = Non-inter-level travel time spent in this place.
 C = Inter-level travel time spent in this place.
 D = Time resting spent in this place.
 E = Time spent auto-exploring this place.
 F = Levels seen in this place.
 G = Mean time per level.
                   A        B        C        D        E       F      G
               +--------+--------+--------+--------+--------+-----+--------+
         Total |  30597 |  28994 |   1603 |   3478 |  17360 |  29 | 1055.1 |
       Dungeon |  13549 |  12786 |    763 |    651 |   8567 |  15 |  903.3 |
          Lair |   4826 |   4472 |    354 |      3 |   3099 |   5 |  965.2 |
  Orcish Mines |   2020 |   1916 |    104 |      0 |   1204 |   2 | 1010.0 |
        Vaults |   7241 |   6861 |    380 |   1492 |   3902 |   4 | 1810.2 |
      Ice Cave |    618 |    618 |      0 |    224 |    147 |   1 |  618.0 |
    Desolation |   2057 |   2057 |      0 |   1048 |    387 |   1 | 2057.0 |
      Gauntlet |    283 |    283 |      0 |     59 |     52 |   1 |  283.0 |
               +--------+--------+--------+--------+--------+-----+--------+

Top non-repeatable levels by time:
Vaults:3: 2358 daAuts
Vaults:1: 2186 daAuts
Desolation: 2057 daAuts
     D:9: 1582 daAuts
Vaults:4: 1463 daAuts
  Lair:5: 1390 daAuts
   Orc:2: 1250 daAuts
Vaults:2: 1232 daAuts
    D:15: 1152 daAuts
     D:1: 1123 daAuts
     D:2: 1070 daAuts
     D:4: 945 daAuts
  Lair:1: 925 daAuts
  Lair:4: 904 daAuts
     D:6: 882 daAuts
